 Dungeon Crawl Stone Soup version 0.29-a0-352-g0917bc69df (webtiles) character file.

Game seed: 17777865802300192533

707 Dauddaud the Cleaver (level 7, -7/57 HPs)
             Began as a Minotaur Berserker on Apr 23, 2022.
             Was a Believer of Trog.
             Mangled by a gnoll
             ... wielding a +0 halberd
              (11 damage)
             ... on level 5 of the Dungeon.
             The game lasted 00:04:45 (4115 turns).

Dauddaud the Cleaver (Minotaur Berserker)           Turns: 4115, Time: 00:04:46

Health: -7/57      AC:  9    Str: 23    XL:     7   Next: 39%
Magic:  6/6        EV:  8    Int:  4    God:    Trog [**....]
Gold:   295        SH:  0    Dex: 10    Spells: 6/6 levels left

rFire   + . .      SeeInvis .   q - +1 hand axe (elec)
rCold   x . .      Faith    .   (no shield)
rNeg    . . .      Spirit   .   A - +0 chain mail
rPois   .          Reflect  .   (helmet restricted)
rElec   .          Harm     .   (no cloak)
rCorr   .          Rampage  .   j - +0 pair of gloves
Will    .....                   (no boots)
Stlth   ..........              (no amulet)
HPRegen 0.19/turn               p - ring of fire
MPRegen 0.10/turn               (no ring)

@: no status effects
A: horns 2, retaliatory headbutt
a: Renounce Religion, Berserk, Trog's Hand


You were on level 5 of the Dungeon.
You worshipped Trog.
Trog was pleased with you.
You visited 1 branch of the dungeon, and saw 5 of its levels.

You collected 295 gold pieces.

Inventory:

Hand Weapons
 a - a +0 hand axe
 q - a +1 hand axe of electrocution (weapon)
Missiles
 o - a throwing net (quivered)
Armour
 b - a +0 animal skin
 e - a +0 ring mail
 j - a +0 pair of gloves (worn)
 A - a +0 chain mail (worn)
Jewellery
 p - a ring of fire (left hand)
Wands
 x - a wand of paralysis (3)
 z - a wand of charming (12)
Scrolls
 c - 2 scrolls of enchant weapon {unknown}
 f - 4 scrolls of vulnerability
 h - a scroll of magic mapping {unknown}
 k - 2 scrolls of brand weapon
 m - 6 scrolls of teleportation
 n - a scroll of noise
 s - a scroll of immolation {unknown}
 w - a scroll of blinking {unknown}
 y - a scroll of torment {unknown}
 B - a scroll of summoning {unknown}
 C - a scroll of amnesia {unknown}
Potions
 d - 3 potions of flight {unknown}
 g - a potion of haste {unknown}
 i - a potion of attraction {unknown}
 l - a potion of magic {unknown}
 r - 4 potions of degeneration {unknown}
 t - a potion of invisibility {unknown}
 u - a potion of experience {unknown}
 v - 2 potions of berserk rage {unknown}


   Skills:
 - Level 3.6 Fighting
 + Level 10.4 Axes
 - Level 2.4 Armour
 - Level 2.1 Dodging


You had 6 spell levels left.
You didn't know any spells.
Your spell library was empty.

Dungeon Overview and Level Annotations

Branches:
Dungeon (5/15)
 Temple: D:4-7

Altars:


Innate Abilities, Weirdness & Mutations

You have a pair of horns on your head.
You reflexively headbutt those who attack you in melee.


Message History

The ogre is almost dead.
You hit the ogre. Lightning courses through the ogre!
You kill the ogre!
Trog accepts your kill.
You start resting.
You feel a strong urge to attack something.
You start resting.
You are no longer berserk.
You are exhausted.
You feel yourself slow down.
You start resting.
You feel yourself speed up.
You start resting.
You recover from your berserk rage.
You start resting.
HP restored.
You see here a +0 giant spiked club.
C - a scroll labelled PUNORE VEAFA
Found a robe.
A two-headed ogre and a gnoll come into view.
The gnoll shouts!
A gnoll comes into view. It is wielding a +0 spear.
There are monsters nearby!
You hit the two-headed ogre.
The two-headed ogre is lightly wounded.
The two-headed ogre hits you with a +0 giant club! x2
You slash the two-headed ogre! You punch the two-headed ogre.
The two-headed ogre is moderately wounded.
The gnoll hits you from afar with a +0 halberd.
The two-headed ogre completely misses you.
The two-headed ogre hits you with a +0 giant club.
You barely miss the two-headed ogre. You headbutt the two-headed ogre.
The two-headed ogre is moderately wounded.
The gnoll hits you but does no damage.
You barely miss the two-headed ogre. You headbutt the two-headed ogre.
The two-headed ogre is heavily wounded.
The two-headed ogre hits you with a +0 giant club! x2
* * * LOW HITPOINT WARNING * * *
The gnoll hits you from afar with a +0 halberd!
You die...

##.. #..# #..#
#..#### ##......#
##........
##g.#...... #
###O### .g... ##
######.@## .g..
.### ###......##
...
...#####........#
..
.....#..........#
.
..###..........##
..# ##.......###
..# #.....### ..[
#####.# ...# #.#


You could see a two-headed ogre and a gnoll.

Vanquished Creatures
  An ice beast (D:5)
  An ogre (D:5)
  Blork the orc (D:4)
  A scorpion (D:5)
  2 howler monkeys (D:5)
  2 hounds (D:5)
  2 iguanas
  Terence (D:2)
  8 adders
  3 gnolls (D:5)
  4 dart slugs
  3 orcs (D:5)
  5 endoplasms
  7 giant cockroaches
  9 goblins
  5 hobgoblins
  9 jackals (D:2)
  8 kobolds
  3 quokkas
  5 ball pythons
  3 bats
  3 frilled lizards
  4 rats
90 creatures vanquished.

Notes
Turn   | Place    | Note
-------+----------+-------------------------------------------
     0 | D:1      | Dauddaud the Minotaur Berserker began the quest for the
                  | Orb.
     0 | D:1      | Reached XP level 1. HP: 19/19 MP: 0/0
   248 | D:1      | Reached skill level 4 in Axes
   349 | D:1      | Reached XP level 2. HP: 26/26 MP: 1/1
   872 | D:1      | Reached skill level 5 in Axes
  1004 | D:2      | Noticed Terence
  1014 | D:2      | Killed Terence
  1015 | D:2      | Reached XP level 3. HP: 13/31 MP: 2/2
  1358 | D:2      | Reached skill level 6 in Axes
  1358 | D:2      | Reached XP level 4. HP: 39/39 MP: 3/3
  1373 | D:2      | Reached ** piety under Trog
  2520 | D:4      | Reached skill level 7 in Axes
  2520 | D:4      | Reached XP level 5. HP: 32/45 MP: 4/4
  2954 | D:4      | Noticed Blork the orc
  2966 | D:4      | Killed Blork the orc
  3516 | D:5      | Entered Level 5 of the Dungeon
  3521 | D:5      | Reached skill level 8 in Axes
  3557 | D:5      | Reached XP level 6. HP: 50/51 MP: 5/5
  3675 | D:5      | Noticed an ice beast
  3686 | D:5      | Killed an ice beast
  3687 | D:5      | Reached skill level 9 in Axes
  3730 | D:5      | Reached XP level 7. HP: 50/57 MP: 6/6
  3838 | D:5      | Reached skill level 10 in Axes
  4107 | D:5      | Noticed a two-headed ogre
  4115 | D:5      | Mangled by a gnoll

Illustrated notes

Levels and vault maps discovered:
D:1:      minmay_arrival_four_circles, layout_loops_ring, nrook_uturn
D:2:      layout_rooms, uniq_terence
D:3:      layout_basic
D:4:      layout_gridville, minmay_circle_x, uniq_blork_the_orc
D:5:      minmay_skewed_foursquare, layout_cave_pods

Skill      XL: |  1  2  3  4  5  6  7 |
---------------+----------------------+-----
Axes           | 4 5 6 7 8 9 10 | 10.4
Fighting       | |  3.6
Armour         | |  2.4
Dodging        | |  2.1

Action                   |  1- 3 |  4- 6 |  7- 9 || total
-------------------------+-------+-------+-------++-------
Melee: Hand axe          |    77 |   116 |    34 ||   227
       Headbutt          |     9 |    12 |     4 ||    25
       Punch             |       |       |     2 ||     2
Invok: Berserk           |     1 |     1 |     1 ||     3
  Use: Scroll            |       |     4 |       ||     4
Armor: Ring mail         |    29 |    21 |       ||    50
       Chain mail        |       |    23 |     7 ||    30
Dodge: Dodged            |    39 |    50 |    14 ||   103

Table legend: (Time is in decaauts)
 A = Elapsed time spent in this place.
 B = Non-inter-level travel time spent in this place.
 C = Inter-level travel time spent in this place.
 D = Time resting spent in this place.
 E = Time spent auto-exploring this place.
 F = Levels seen in this place.
 G = Mean time per level.
                   A        B        C        D        E       F      G
               +--------+--------+--------+--------+--------+-----+--------+
         Total |   4131 |   4056 |     75 |    716 |   2784 |   5 |  826.2 |
       Dungeon |   4131 |   4056 |     75 |    716 |   2784 |   5 |  826.2 |
               +--------+--------+--------+--------+--------+-----+--------+

Top non-repeatable levels by time:
     D:4: 1057 daAuts
     D:1: 994 daAuts
     D:2: 762 daAuts
     D:3: 708 daAuts
     D:5: 609 daAuts
